Map: Яганната РВ

Players

Bublic - Winner!

  • Race: Protoss Protoss
  • League: Master
  • Spawn Location: 7:00

чahka

  • Race: Zerg Zerg
  • League: Diamond
  • Spawn Location: 1:00

VOD

Have the link to the VOD?

Description

Time

  • Played on: Nov. 9, 2020, 2:30 p.m.
  • Length: 11:24
Show
View Real Time Build Order
Export as new Build Order

Bublic Protoss - Winner!

Build Orders: 1 Gate Expand 

Get SALT Encoding   

  12  0:00  Probe  
  13  0:12  Probe  
  14  0:20  Pylon  
  14  0:24  Probe  
  15  0:39  Gateway  
  15  0:41  Probe (Chrono Boost)  
  16  0:51  Probe (Chrono Boost), Assimilator  
  17  0:57  Probe  
  18  1:09  Probe  
  19  1:21  Probe  
  20  1:28  Nexus  
  20  1:39  Cybernetics Core  
  20  1:46  Probe, Assimilator  
  21  1:59  Pylon  
  21  2:01  Probe  
  22  2:13  Probe  
  22  2:14  Adept (Chrono Boost)  
  25  2:25  Probe  
  25  2:27  Pylon  
  26  2:32  Stargate  
  26  2:37  Probe (Chrono Boost)  
  26  2:42  Warp Gate  
  27  2:45  Probe (Chrono Boost)  
  27  2:48  Adept  
  27  2:50  Probe (Chrono Boost)  
  31  2:54  Probe (Chrono Boost)  
  31  2:56  Probe (Chrono Boost)  
  33  2:59  Probe (Chrono Boost)  
  33  3:03  Probe  
  35  3:11  Probe, Void Ray (Chrono Boost)  
  36  3:16  Probe  
  37  3:23  Probe  
  37  3:26  Assimilator  
  42  3:28  Probe, Assimilator  
  42  3:30  Pylon  
  43  3:35  Probe  
  43  3:40  Probe  
  45  3:42  Gateway  
  45  3:45  Void Ray  
  45  3:47  Probe (Chrono Boost)  
  46  3:52  Probe (Chrono Boost)  
  52  4:04  Probe (Chrono Boost)  
  52  4:05  Pylon, Probe (Chrono Boost)  
  53  4:13  Probe (Chrono Boost)  
  53  4:16  Stargate  
  54  4:23  Probe  
  55  4:27  Probe  
  56  4:31  Adept  
  56  4:35  Probe  
  59  4:43  Nexus  
  59  4:44  Pylon  
  59  4:47  Probe  
  59  4:48  Probe  
  61  4:52  Pylon  
  61  4:54  Pylon  
  61  4:56  Shield Battery, Void Ray  
  61  4:58  Void Ray  
  69  5:07  Probe  
  69  5:10  Probe  
  71  5:20  Probe  
  72  5:23  Probe  
  73  5:28  Robotics Facility  
  73  5:29  Robotics Facility  
  73  5:32  Probe  
  73  5:33  Void Ray  
  73  5:35  Probe  
  75  5:38  Twilight Council  
  79  5:44  Probe (Chrono Boost)  
  79  5:47  Probe (Chrono Boost)  
  81  5:52  Void Ray  
  81  5:55  Probe (Chrono Boost)  
  81  5:56  Probe (Chrono Boost)  
  83  5:59  Probe (Chrono Boost)  
  83  6:00  Probe (Chrono Boost)  
  83  6:02  Probe  
  90  6:06  Gateway  
  90  6:08  Forge  
  90  6:09  Gateway  
  90  6:10  Gateway  
  90  6:11  Blink (Chrono Boost)  
  90  6:23  Immortal x2  
  98  6:27  Robotics Bay  
  98  6:29  Protoss Ground Weapons Level 1 (Chrono Boost)  
  98  6:31  Probe x3 (Chrono Boost)  
  101  6:42  Pylon  
  101  6:44  Pylon  
  101  6:46  Pylon  
  101  7:00  Probe x3  
  104  7:04  Shield Battery  
  104  7:05  Shield Battery  
  104  7:10  Sentry x5  
  104  7:12  Probe x3  
  117  7:24  Probe x3  
  117  7:25  Assimilator  
  117  7:28  Assimilator  
  117  7:29  Pylon  
  120  7:30  Shield Battery  
  120  7:31  Pylon  
  120  7:33  Pylon  
  120  7:35  Gateway  
  120  7:36  Probe  
  121  7:37  Gateway  
  121  7:38  Pylon  
  121  7:40  Pylon  
  121  7:44  Colossus (Chrono Boost)  
  121  7:47  Colossus (Chrono Boost)  
  133  7:52  Nexus  
  133  7:53  Pylon  
  133  7:57  Probe x2  
  136  8:05  Probe  
  136  8:09  Probe  
  137  8:12  Extended Thermal Lance  
  137  8:14  Stalker x4  
  145  8:30  Colossus (Chrono Boost)  
  151  8:38  Protoss Ground Weapons Level 2 (Chrono Boost)  
  151  8:40  Probe x2  
  153  8:48  Gateway  
  153  8:50  Gateway  
  153  8:51  Probe  
  153  8:52  Gateway, Probe  
  153  8:53  Probe  
  153  8:55  Gateway  
  156  9:03  Colossus (Chrono Boost)  
  156  9:05  Probe x2  
  156  9:08  Stalker  
  156  9:09  Stalker x4  
  174  9:10  Stalker x2  
  174  9:14  Gateway  
  174  9:16  Gateway  
  178  9:18  Gateway  
  178  9:34  Stalker x5  
  188  9:53  Pylon  
  188  9:55  Pylon  
  188  9:57  Pylon  
  188  9:58  Warp Prism  
  188  9:59  Probe x2  
  184  10:07  Probe  
  160  10:34  Stalker x5  
  160  10:35  Stalker x4  
  176  10:36  Stalker  
  170  10:57  Probe  
  170  10:58  Probe  
  158  11:08  Stalker x3  
  158  11:09  Stalker x6  
  158  11:10  Stalker x5  
  178  11:12  Probe  
  178  11:14  Assimilator  
  178  11:18  Assimilator  
  181  11:20  Fleet Beacon  
  181  11:22  Stargate  
Show
View Real Time Build Order
Export as new Build Order

чahka Zerg 

Build Orders: Hatch First 

Get SALT Encoding   

  12  0:00  Drone  
  13  0:13  Overlord  
  13  0:17  Drone  
  14  0:31  Drone x2  
  16  0:48  Hatchery  
  15  0:52  Drone  
  15  0:55  Drone  
  17  0:59  Drone  
  18  1:09  Extractor  
  17  1:15  Spawning Pool  
  16  1:20  Drone  
  16  1:21  Drone  
  18  1:28  Drone  
  19  1:41  Drone  
  20  1:54  Overlord  
  20  2:01  Drone x2, Queen  
  20  2:02  Queen  
  26  2:14  Zergling x2  
  26  2:15  Zergling x2  
  28  2:23  Drone  
  28  2:24  Drone  
  28  2:25  Metabolic Boost  
  30  2:38  Hatchery  
  29  2:45  Drone x3  
  29  2:50  Drone  
  33  2:54  Queen  
  35  2:59  Overlord  
  35  3:17  Drone x4  
  38  3:24  Overlord  
  38  3:28  Drone x3  
  38  3:30  Queen  
  43  3:41  Overlord  
  43  3:46  Drone x4  
  43  3:47  Drone  
  48  3:53  Evolution Chamber, Spore Crawler  
  46  3:58  Drone x3, Spore Crawler  
  48  4:03  Overlord  
  48  4:04  Queen  
  48  4:05  Drone  
  48  4:06  Drone  
  52  4:12  Extractor  
  52  4:14  Drone  
  52  4:15  Drone x4  
  56  4:20  Spore Crawler  
  56  4:22  Zerg Missile Weapons Level 1  
  55  4:32  Pneumatized Carapace  
  55  4:33  Drone x2  
  55  4:34  Drone  
  58  4:39  Roach Warren  
  57  4:46  Queen  
  57  4:49  Overlord  
  57  4:50  Drone x3  
  57  4:51  Drone  
  63  4:56  Overlord  
  63  4:57  Drone  
  63  4:58  Drone x2  
  66  5:06  Lair  
  66  5:10  Spore Crawler  
  65  5:20  Overlord  
  65  5:24  Drone x2  
  65  5:26  Drone x3, Spore Crawler  
  65  5:27  Extractor  
  70  5:35  Drone x3  
  70  5:36  Drone x3  
  70  5:40  Extractor  
  70  5:41  Extractor  
  72  5:43  Overlord  
  72  5:44  Queen  
  74  5:53  Overlord  
  74  5:54  Drone  
  74  6:03  Overlord x2  
  74  6:04  Extractor  
  74  6:05  Drone, Evolution Chamber  
  74  6:06  Overlord x2  
  74  6:07  Hydralisk Den  
  72  6:20  Overlord  
  72  6:24  Roach  
  72  6:25  Roach x3, Zerg Missile Weapons Level 2  
  80  6:27  Drone x2  
  80  6:28  Drone x4  
  80  6:29  Drone, Queen  
  89  6:39  Drone x2  
  91  6:44  Hydralisk x6  
  103  6:47  Roach x2  
  103  6:54  Hatchery  
  106  6:57  Spawning Pool, Overlord  
  105  7:02  Hydralisk x3  
  105  7:03  Hydralisk  
  105  7:06  Zerg Ground Armor Level 1  
  113  7:09  Grooved Spines  
  113  7:14  Hydralisk  
  115  7:22  Drone x2  
  117  7:24  Infestation Pit  
  117  7:25  Drone x2  
  117  7:26  Drone x3  
  117  7:28  Drone  
  122  7:30  Overlord x3  
  122  7:44  Overlord x2  
  122  7:55  Overseer  
  122  7:57  Extractor x2  
  120  8:01  Overlord  
  120  8:02  Drone x7  
  120  8:03  Drone  
  128  8:05  Drone  
  128  8:12  Drone x2  
  131  8:13  Drone x4  
  131  8:14  Drone x2  
  131  8:17  Overlord  
  131  8:18  Overseer  
  131  8:19  Overseer  
  137  8:20  Queen  
  137  8:24  Hive, Glial Reconstitution  
  137  8:29  Ravager  
  136  8:35  Hydralisk x4  
  136  8:36  Hydralisk x2  
  136  8:40  Muscular Augments  
  148  8:46  Spore Crawler  
  148  8:47  Hydralisk x3  
  153  8:57  Zergling x2  
  153  8:58  Zergling x18  
  153  9:00  Spore Crawler x2  
  153  9:01  Baneling Nest  
  160  9:04  Extractor  
  160  9:08  Extractor  
  158  9:19  Ravager  
  158  9:20  Hydralisk x2, Ravager x2  
  158  9:21  Hydralisk  
  158  9:22  Overlord x3  
  158  9:23  Overlord x2  
  167  9:38  Lurker Den  
  166  9:46  Hydralisk x3, Overlord  
  166  9:47  Hydralisk x2  
  166  9:49  Drone  
  166  9:52  Hatchery  
  175  10:03  Hydralisk x4  
  175  10:04  Hydralisk x3  
  175  10:05  Hydralisk x5  
  198  10:11  Overlord x2  
  198  10:12  Overlord  
  188  10:18  Extractor  
  188  10:20  Extractor  
  164  10:30  Roach  
  164  10:31  Roach x10, Zergling x2  
  157  10:47  Hydralisk x5  
  150  10:54  Hydralisk x3  
  150  10:55  Hydralisk  
Tags
 
Add a new tag
Caveats
  • Supply blocks, unpowered buildings, or Contaminate may cause inaccurate times.
  • Supply counts are checked every 10 seconds.